 Dungeon Crawl Stone Soup version 0.22-a0-479-gc6e99f3 (webtiles) character file.

8930 Azzok the Geomancer (level 11, -1/56 HPs)
             Began as a Gargoyle Earth Elementalist on June 14, 2018.
             Was a Believer of Vehumet.
             Shot with an arrow by a centaur warrior (9 damage)
             ... on level 10 of the Dungeon.
             The game lasted 00:27:17 (14113 turns).

Azzok the Geomancer (Gargoyle Earth Elementalist)  Turns: 14113, Time: 00:27:18

Health: -1/56      AC: 13    Str: 12    XL:     11   Next: 38%
Magic:  10/20      EV: 12    Int: 19    God:    Vehumet [**....]
Gold:   659        SH:  3    Dex: 10    Spells: 13/22 levels left

rFire    + . .     SeeInvis +   a - staff of earth
rCold    . . .     Gourm    .   (no shield)
rNeg     + . .     Faith    .   A - +0 robe {rF+}
rPois    ∞         Spirit   .   h - +2 hat
rElec    +         Reflect  +   (no cloak)
rCorr    .         Harm     .   J - +0 pair of gloves
MR       .....                  (no boots)
Stlth    ++........             u - +3 amulet of reflection
HPRegen  0.18/turn              y - ring of see invisible
MPRegen  0.17/turn              (no ring)

@: no status effects
A: negative energy resistance 1, electricity resistance, unbreathing,
petrification resistance, rot immunity, AC +8
a: Renounce Religion


You were on level 10 of the Dungeon.
You worshipped Vehumet.
Vehumet was pleased with you.
You were not hungry.

You visited 2 branches of the dungeon, and saw 11 of its levels.

You collected 659 gold pieces.

Inventory:

Hand Weapons
 b - a +1 short sword of electrocution
Missiles
 s - 154 stones (quivered)
Armour
 h - a +2 hat (worn)
 A - a +0 robe of fire resistance (worn)
 J - a +0 pair of gloves (worn)
Magical Staves
 a - an uncursed staff of earth (weapon)
 m - an uncursed staff of fire
Jewellery
 u - a +3 amulet of reflection (around neck)
 y - a ring of see invisible (left hand)
Wands
 j - a wand of digging (18)
 E - a wand of enslavement (13)
Scrolls
 e - a scroll of enchant weapon {unknown}
 l - 3 scrolls of amnesia
 n - 4 scrolls of magic mapping
 v - 2 scrolls of enchant armour {unknown}
 w - a scroll of random uselessness {unknown}
 z - 3 scrolls of identify
 B - a scroll of brand weapon {unknown}
 D - 4 scrolls of fog {unknown}
 F - 8 scrolls of remove curse
 G - 3 scrolls of teleportation
 K - a scroll of fear {unknown}
Potions
 c - 3 potions of agility {unknown}
 f - a potion of mutation {unknown}
 i - 4 potions of flight {unknown}
 k - 2 potions of lignification {unknown}
 o - a potion of invisibility
 p - a potion of berserk rage {unknown}
 q - a potion of resistance {unknown}
 r - 7 potions of curing {unknown}
 t - 2 potions of degeneration {unknown}
 x - 2 potions of brilliance {unknown}
 C - 2 potions of heal wounds {unknown}
 H - 2 potions of haste {unknown}
 I - 2 potions of might {unknown}
Comestibles
 d - 31 rations
 g - 2 chunks of flesh


   Skills:
 + Level 1.3 Fighting
 - Level 1.5 Dodging
 - Level 2.1 Stealth
 + Level 6.0 Spellcasting
 + Level 11.5 Conjurations
   Level 0.7 Transmutations
 + Level 14.3 Earth Magic


You had 13 spell levels left.
You knew the following spells:

 Your Spells              Type           Power        Failure   Level  Hunger
a - Sandblast             Erth           ######       1%          1    None
b - Stone Arrow           Conj/Erth      ######       1%          3    ##.....
c - Lee's Rapid Deconstr  Erth           ######....   1%          5    #####..

Your spell library contained the following spells:

 Spells                   Type           Power        Failure   Level  Hunger
 Confuse                  Hex            #.......     32%         3    ##.....
 Tukima's Dance           Hex            #.......     32%         3    ##.....
 Passwall                 Tmut/Erth      ######..     1%          2    None
 Ensorcelled Hibernation  Hex/Ice        #.....       17%         2    None
 Corona                   Hex            #......      11%         1    None
 Petrify                  Tmut/Erth      ######..     4%          4    ####...
 Dazzling Spray           Conj/Hex       ####..       3%          3    ##.....


Dungeon Overview and Level Annotations

Branches:
Dungeon (10/15)            Temple (1/1) D:5            Lair (0/6) D:8
    Orc: D:9-12

Altars:
Ashenzari
Cheibriados
Dithmenos
Elyvilon
Fedhas
Gozag
Hepliaklqana
Kikubaaqudgha
Makhleb
Nemelex Xobeh
Okawaru
Qazlal
Ru
Sif Muna
Trog
Uskayaw
Vehumet
Wu Jian
Xom
Yredelemnul
Zin
The Shining One

Shops:
D:4 %   D:7 *

Annotations:
D:3 KristoblXynda's ghost, amateur TrWz


Innate Abilities, Weirdness & Mutations

You are resistant to torment.
Your stone body is resilient. (AC +8)
You are immune to poison.
You resist negative energy. (rN+)
You are resistant to electric shocks. (rElec)
You can survive without breathing.
You are immune to petrification.
You are immune to rotting.


Message History

Press: ? - help, Shift-Dir - straight line, f/p - centaur warrior
Aim: a centaur warrior, wielding a shortbow (moderately wounded)
You feel a surge of power!
The blast of sand hits the centaur warrior.
The centaur warrior is moderately wounded.
s - 155 stones The centaur warrior shoots an arrow.
You reflect the arrow off an invisible shield around you!
The arrow hits the centaur warrior!
Casting: Sandblast (safe; 1% risk of failure)
Confirm with . or Enter, or press ? or * to list all spells.
Aiming: Sandblast (safe; 1% risk of failure)
Press: ? - help, Shift-Dir - straight line, f/p - centaur warrior
Aim: a centaur warrior, wielding a shortbow (heavily wounded)
You feel a surge of power!
The blast of sand hits the centaur warrior.
The centaur warrior is severely wounded.
s - 154 stones The centaur warrior shoots an arrow.
The arrow hits you!
You die...

▒········· ▒▒▒▒ ▒·▒▒▒▒▒▒▒▒
····▒· ▒▒▒·▒▒▒▒▒▒▒▒ ▒(···
▒··········· ▒····
▒··<···▒▒·▒▒ ▒▒▒····
▒···>··▒▒·▒ ·······▒▒
▒······▒▒·▒
▒······▒▒▒▒▒▒▒▒·····▒▒▒·▒
▒······(·@··············▒
▒·····c▒▒▒▒▒▒▒▒▒▒▒····▒▒▒
▒···$·(▒ ▒····▒ ▒····Z·▒
▒▒▒▒▒▒····▒▒▒▒
▒·············)···········
▒······▒·▒▒················
▒·▒···· ·· ▒▒▒▒·········· ♣
♣♣♣♣▒ ··· ▒·········· ?···
▒·····▒╬▒▒·


You could see a centaur warrior.

Vanquished Creatures
  An unseen horror (D:10)
  Pikel (D:7)
  The ghost of Soeti the Shield-Bearer, a novice OpFi of Gozag (D:5)
  A queen bee (D:8)
  2 hornets
  2 trolls (D:9)
  A hippogriff (D:7)
  Eustachio (D:6)
  5 yaks
  The ghost of Slunt the Stinger, an amateur DsWn (D:4)
  4 water moccasins (D:7)
  Menkaure (D:7)
  Duvessa (D:7)
  5 orc warriors
  An ice beast (D:6)
  A necrophage (D:10)
  2 sky beasts
  A black bear (D:9)
  4 ogres
  3 centaurs
  Blork the orc (D:5)
  3 big kobolds
  3 bullfrogs
  Dowan (D:7)
  A wyvern skeleton (D:6)
  2 scorpions
  15 killer bees (D:8)
  A howler monkey (D:4)
  4 crimson imps
  2 bullfrog zombies
  A quasit (D:9)
  5 orc priests
  7 hounds
  A bullfrog skeleton (D:5)
  3 gnoll shamans (D:5)
  6 iguanas
  9 orc wizards
  4 worker ants
  A hound zombie (D:9)
  A hound skeleton (D:5)
  A howler monkey skeleton (D:4)
  A worker ant zombie (D:7)
  38 gnolls
  17 adders
  3 shadow imps
  An ooze (D:5)
  3 adder skeletons
  4 worms
  2 dart slugs
  7 leopard geckos
  48 orcs
  A ball python (D:2)
  4 giant cockroaches
  12 hobgoblins
  33 jackals
  15 kobolds
  4 quokkas
  6 bats
  8 frilled lizards
  10 goblins
  6 rats
334 creatures vanquished.

Vanquished Creatures (others)
  A slave (D:7)
  A hound (D:7)
2 creatures vanquished.

Grand Total: 336 creatures vanquished

Notes
Turn   | Place    | Note
-------+----------+-------------------------------------------
     0 | D:1      | Azzok the Gargoyle Earth Elementalist began the quest for the Orb.
     0 | D:1      | Reached XP level 1. HP: 10/10 MP: 3/3
   123 | D:1      | Reached skill level 4 in Earth Magic
   123 | D:1      | Reached XP level 2. HP: 7/15 MP: 1/5
   493 | D:1      | Reached skill level 5 in Earth Magic
   493 | D:1      | Reached XP level 3. HP: 14/19 MP: 0/6
  1527 | D:2      | Reached XP level 4. HP: 24/24 MP: 7/7
  1661 | D:2      | Reached skill level 6 in Earth Magic
  2525 | D:3      | Learned a level 3 spell: Stone Arrow
  2551 | D:3      | Found a faded altar of an unknown god.
  2658 | D:3      | Reached XP level 5. HP: 28/28 MP: 2/8
  2687 | D:3      | Noticed KristoblXynda's ghost (amateur TrWz)
  3023 | D:3      | Reached skill level 7 in Earth Magic
  3276 | D:3      | Noticed a big kobold
  3278 | D:3      | Noticed a big kobold
  3307 | D:3      | Killed a big kobold
  3307 | D:3      | Reached XP level 6. HP: 22/32 MP: 9/9
  3311 | D:3      | Reached skill level 1 in Conjurations
  3311 | D:3      | Reached skill level 8 in Earth Magic
  3949 | D:4      | Found a white marble altar of Elyvilon.
  3984 | D:4      | Found Ussar's Food Emporium.
  3994 | D:4      | Noticed Slunt's ghost (amateur DsWn)
  4016 | D:4      | Killed Slunt's ghost
  4016 | D:4      | Reached XP level 7. HP: 15/36 MP: 10/10
  4229 | D:4      | Reached skill level 9 in Earth Magic
  4656 | D:4      | Found a burning altar of Makhleb.
  5076 | D:5      | Entered Level 5 of the Dungeon
  5414 | D:5      | Noticed Soeti's ghost (novice OpFi)
  5493 | D:5      | Killed Soeti's ghost
  5493 | D:5      | Reached skill level 5 in Conjurations
  5493 | D:5      | Reached skill level 10 in Earth Magic
  5493 | D:5      | Reached XP level 8. HP: 24/41 MP: 2/11
  5758 | D:5      | Found a staircase to the Ecumenical Temple.
  5774 | Temple   | Entered the Ecumenical Temple
  5947 | D:5      | Found a white marble altar of Elyvilon.
  5947 | D:5      | Noticed Blork the orc
  5952 | D:5      | Killed Blork the orc
  6142 | D:5      | You fall through a shaft for 3 floors!
  6150 | D:8      | Noticed a hornet
  6160 | D:8      | Killed a hornet
  6207 | D:8      | Reached skill level 11 in Earth Magic
  6207 | D:8      | Reached XP level 9. HP: 25/45 MP: 5/12
  6507 | D:7      | Noticed Pikel
  6516 | D:7      | Killed Pikel
  6557 | D:7      | Noticed Duvessa
  6558 | D:7      | Noticed Dowan
  6564 | D:7      | Killed Duvessa
  6571 | D:7      | Killed Dowan
  6571 | D:7      | Reached skill level 12 in Earth Magic
  6585 | D:7      | Noticed Menkaure
  6596 | D:7      | Killed Menkaure
  6910 | D:7      | Found a blossoming altar of Fedhas.
  7057 | D:7      | Learned a level 5 spell: Lee's Rapid Deconstruction
  7201 | D:6      | Noticed Eustachio
  7208 | D:6      | Killed Eustachio
  7208 | D:6      | Reached XP level 10. HP: 41/50 MP: 8/13
  8170 | D:5      | Reached skill level 13 in Earth Magic
  8286 | D:5      | Reached skill level 10 in Conjurations
 10115 | D:6      | Found a snail-covered altar of Cheibriados.
 10178 | D:6      | Found an opulent altar of Gozag.
 10180 | D:6      | Found a shadowy altar of Dithmenos.
 10180 | D:6      | Found a radiant altar of Vehumet.
 10181 | D:6      | Found an ancient bone altar of Kikubaaqudgha.
 10185 | D:6      | Found a hide-covered altar of Uskayaw.
 10189 | D:6      | Became a worshipper of Vehumet
 10457 | D:7      | Found Ocogun's Serpentskin Sales.
 10869 | D:8      | Reached * piety under Vehumet
 10869 | D:8      | Offered knowledge of Freeze by Vehumet.
 11280 | D:8      | Found a staircase to the Lair.
 11883 | D:8      | Reached skill level 5 in Spellcasting
 12078 | D:9      | Reached XP level 11. HP: 53/54 MP: 3/18
 12170 | D:9      | Found a basalt altar of Yredelemnul.
 12439 | D:9      | Reached skill level 14 in Earth Magic
 12761 | D:9      | Offered knowledge of Sting by Vehumet.
 13123 | D:10     | Entered Level 10 of the Dungeon
 13293 | D:10     | Reached ** piety under Vehumet
 13543 | D:10     | Noticed an unseen horror
 13553 | D:10     | Killed an unseen horror
 13553 | D:10     | Reached skill level 1 in Fighting
 13570 | D:10     | Got a dazzling scale mail
 13571 | D:10     | Identified the cursed +0 scale mail of the Trees {+Fly rPois rC- Stlth+} (You found it on level 10 of the Dungeon)
 14101 | D:10     | Noticed a centaur warrior
 14113 | D:10     | Shot with an arrow by a centaur warrior

Vault maps used:
D:1:      evilmike_arrival_crescent
D:3:      cheibrodos_thug_alley, chequers_ecumenical_altar_lobes, first_ration
D:4:      elyvilon_altar_1, serial_shops, shop, makhleb_blood_cavern_becter
D:5:      lemuel_castle_with_subvaults, minmay_temple_entry_trees, basic_altar,
          uniq_blork_the_orc
D:6:      minitemple, uniq_eustachio
D:7:      old_standard_altar, guppyfry_shop_venom, uniq_menkaure, uniq_duvessa,
          uniq_pikel
D:8:      lair_entry_dummy, david_nohive_1
D:9:      marbit_many_paths
D:10:     hangedman_tree_tricks
Temple:   nicolae_temple_god_jail

Skill      XL: |  1  2  3  4  5  6  7  8  9 10 11 |
---------------+----------------------------------+-----
Earth Magic    | 4 5 6 7 8 10 11 12 13 14 | 14.3
Conjurations   | 3 5 7 9 10 11 | 11.5
Spellcasting   | 5 6 |  6.0
Fighting       | 1 |  1.3
Dodging        | |  1.5
Stealth        | |  2.1
Transmutations | |  0.7

Action                   |  1- 3 |  4- 6 |  7- 9 | 10-12 || total
-------------------------+-------+-------+-------+-------++-------
Melee: Hand axe          |    27 |    84 |       |       ||   111
       Short sword       |       |   103 |    95 |   174 ||   372
       Staff             |       |       |       |     8 ||     8
 Cast: Sandblast         |    40 |    16 |    62 |    29 ||   147
       Stone Arrow       |       |    10 |    54 |   190 ||   254
       Lee's Rapid Decon |       |       |       |     4 ||     4
  Use: Scroll            |       |     7 |     1 |     3 ||    11
 Stab: Sleeping          |       |     3 |     1 |       ||     4
  Eat: Chunk             |     2 |    10 |    17 |    36 ||    65
Armor: Robe              |    12 |    71 |    63 |    91 ||   237
Dodge: Dodged            |    41 |   133 |    88 |   189 ||   451
Block: Other             |       |       |       |    30 ||    30
       Reflection        |       |       |       |     1 ||     1

Table legend:
 A = Spawn XP
 B = Non-spawn XP
 C = Spawn XP percentage of total XP
 D = Spawn monster count
 E = Non-spawn monster count
 F = Spawn count percentage of total count
 G = Total turns spent on level
                    A         B        C        D         E        F      G
               +---------+---------+-------+---------+---------+-------+---------
         Total |       0 |   12758 |   0.0 |       0 |     334 |   0.0 | 14113
               +---------+---------+-------+---------+---------+-------+---------
           D:1 |       0 |      71 |   0.0 |       0 |      33 |   0.0 |  1298
           D:2 |       0 |      74 |   0.0 |       0 |      27 |   0.0 |  1199
           D:3 |       0 |     331 |   0.0 |       0 |      36 |   0.0 |  1358
           D:4 |       0 |     606 |   0.0 |       0 |      18 |   0.0 |  1635
           D:5 |       0 |    1990 |   0.0 |       0 |      77 |   0.0 |  2476
           D:6 |       0 |     937 |   0.0 |       0 |      25 |   0.0 |  1138
           D:7 |       0 |    2463 |   0.0 |       0 |      32 |   0.0 |  1172
           D:8 |       0 |    2561 |   0.0 |       0 |      50 |   0.0 |  1614
           D:9 |       0 |    1918 |   0.0 |       0 |      18 |   0.0 |  1167
          D:10 |       0 |    1807 |   0.0 |       0 |      18 |   0.0 |   990
               +---------+---------+-------+---------+---------+-------+---------
